 Dungeon Crawl Stone Soup version 0.23.2-33-g5129a83184 (webtiles) character file.

Game seed: 1184684148656931139

223 1994 the Poker (level 6, 0/63 HPs)
             Began as an Ogre Arcane Marksman on June 29, 2019.
             Was an Initiate of Okawaru.
             Slain by an iguana (15 damage)
             ... on level 4 of the Dungeon.
             The game lasted 00:13:21 (3697 turns).

1994 the Poker (Ogre Arcane Marksman)               Turns: 3697, Time: 00:13:22

Health: 0/63       AC:  3    Str: 21    XL:     6   Next: 0%
Magic:  7/7        EV: 10    Int: 14    God:    Okawaru [......]
Gold:   181        SH:  0    Dex:  9    Spells: 6/7 levels left

rFire    . . .     SeeInvis .   b - +2 hunting sling (freeze)
rCold    . . .     Gourm    .   (no shield)
rNeg     . . .     Faith    .   e - +0 robe
rPois    .         Spirit   .   (helmet restricted)
rElec    .         Reflect  .   (no cloak)
rCorr    +         Harm     .   (gloves unavailable)
MR       .....                  (boots unavailable)
Stlth    +.........             (no amulet)
HPRegen  0.20/turn              l - +4 ring of strength
MPRegen  0.10/turn              A - ring of resist corrosion

@: no status effects
A: large, unfitting armour, tough skin 1
a: Renounce Religion


You were on level 4 of the Dungeon.
You worshipped Okawaru.
Okawaru was noncommittal.
You were not hungry.

You visited 1 branch of the dungeon, and saw 4 of its levels.

You collected 181 gold pieces.

Inventory:

Hand Weapons
 a - a +0 spear
 b - a +2 hunting sling of freezing (weapon)
Missiles
 c - 4 large rocks
 d - 2 throwing nets
 k - 79 stones
 u - 51 sling bullets (quivered)
Armour
 e - a +0 robe (worn)
Jewellery
 l - a +4 ring of strength (left hand)
 A - a ring of resist corrosion (right hand)
Wands
 t - a wand of polymorph (5)
Scrolls
 g - 2 scrolls of fog {unknown}
 h - a scroll of random uselessness {unknown}
 j - 2 scrolls of enchant weapon {unknown}
 o - a scroll of remove curse {unknown}
 r - a scroll of teleportation {unknown}
 s - 2 scrolls of enchant armour {unknown}
 v - a scroll of identify {unknown}
 x - 2 scrolls of noise {unknown}
 y - a scroll of amnesia {unknown}
 z - 2 scrolls of magic mapping {unknown}
Potions
 i - a potion of flight {unknown}
 m - 2 potions of curing {unknown}
 n - 3 potions of resistance {unknown}
 p - a potion of lignification {unknown}
 q - a potion of haste {unknown}
 w - 2 potions of invisibility {unknown}
Comestibles
 f - 5 rations


   Skills:
 + Level 4.4 Fighting
 * Level 4.4 Polearms
 - Level 2.0 Throwing
 - Level 1.7 Dodging
 + Level 1.2 Spellcasting
 - Level 2.6 Hexes


You had 6 spell levels left.
You knew the following spells:

 Your Spells              Type           Power        Failure   Level  Hunger
a - Corona                Hex            #......      9%          1    ##.....

Your spell library contained the following spells:

 Spells                   Type           Power        Failure   Level  Hunger
 Slow                     Hex            #.......     13%         2    ###....
 Beastly Appendage        Tmut           #.....       26%         1    ##.....
 Sticks to Snakes         Tmut           #.......     36%         2    ###....
 Inner Flame              Hex/Fire       #.......     41%         3    ####...
 Portal Projectile        Hex/Tloc       #.....       41%         3    ####...
 Spider Form              Tmut/Pois      #.........   61%         3    ####...
 Cause Fear               Hex            #.........   65%         4    #####..
 Leda's Liquefaction      Hex/Erth       #.........   83%         4    #####..
 Ice Form                 Ice/Tmut       #.......     95%         4    #####..
 Blade Hands              Tmut           #.........   100%        5    ######.


Dungeon Overview and Level Annotations

Branches:
Dungeon (4/15)
 Temple: D:4-7

Altars:
Makhleb
Okawaru
Uskayaw
Xom
Zin
The Shining One


Innate Abilities, Weirdness & Mutations

You are too large for most types of armour.
You have tough skin. (AC +1)


Message History

Press: ? - help, Shift-Dir - straight line, f/p - iguana
Aim: an iguana You shoot a sling bullet.
The sling bullet barely misses the iguana.
The iguana bites you.
Firing (i - inventory. (/) - cycle)
u - 53 sling bullets (quivered)
Press: ? - help, Shift-Dir - straight line, f/p - iguana
Aim: an iguana You shoot a sling bullet.
The sling bullet completely misses the iguana.
The iguana bites you!
Firing (i - inventory. (/) - cycle)
u - 52 sling bullets (quivered)
Press: ? - help, Shift-Dir - straight line, f/p - iguana
Aim: an iguana You shoot a sling bullet.
The sling bullet hits the iguana but does no damage.
The iguana bites you!
* * * LOW HITPOINT WARNING * * *
The iguana bites you!
You die...

..#.........#.#.#
.###........'.#.#
............###+################
.).).#.............##..........##
.._..##............##............
.).).#.:...........##............
.........###.......##............
.###.....# #.......##............
..#.....## #....@l(##............
.....#### ####.#<..............#
##..## #.#####...........#
##.############.# #...........#
..............#.# #...........#
.......######.#.# #<..........#
###...## #.# #####.#####.# #...#
#.# #.# #.# ##.+### #.#########.#
#.#


You could see an iguana.

Vanquished Creatures
  An ogre (D:3)
  A scorpion (D:4)
  An adder (D:3)
  An ooze (D:4)
  3 worms
  A dart slug (D:1)
  An orc (D:3)
  A ball python (D:2)
  12 bats
  6 hobgoblins
  3 jackals (D:3)
  6 kobolds
  8 frilled lizards
  11 goblins
  15 rats
71 creatures vanquished.

Notes
Turn   | Place    | Note
-------+----------+-------------------------------------------
     0 | D:1      | 1994 the Ogre Arcane Marksman began the quest for the Orb.
     0 | D:1      | Reached XP level 1. HP: 19/19 MP: 2/2
   143 | D:1      | Reached skill level 1 in Polearms
   146 | D:1      | Reached XP level 2. HP: 19/28 MP: 3/3
   577 | D:1      | Reached XP level 3. HP: 36/36 MP: 4/4
   914 | D:2      | Found a shimmering altar of Xom.
   916 | D:2      | Found a shimmering altar of Xom.
   929 | D:2      | Found a shimmering altar of Xom.
   932 | D:2      | Found a shimmering altar of Xom.
  1721 | D:2      | Found a faded altar of an unknown god.
  1782 | D:2      | Reached XP level 4. HP: 45/45 MP: 5/5
  2267 | D:3      | Found a hide-covered altar of Uskayaw.
  2360 | D:3      | Found a glowing golden altar of the Shining One.
  2776 | D:4      | Reached XP level 5. HP: 50/54 MP: 4/6
  2798 | D:4      | Found an iron altar of Okawaru.
  2802 | D:4      | Became a worshipper of Warmaster Okawaru
  2823 | D:4      | Found a burning altar of Makhleb.
  2825 | D:4      | Found a glowing silver altar of Zin.
  2825 | D:4      | Noticed a balrug
  2825 | D:4      | Noticed an angel
  2899 | D:4      | Noticed an ogre
  3249 | D:3      | Killed an ogre
  3249 | D:3      | Reached XP level 6. HP: 63/63 MP: 7/7
  3697 | D:4      | Slain by an iguana

Skill      XL: |  1  2  3  4  5 |
---------------+----------------+-----
Polearms       | 1 2 3 4 |  4.4
Fighting       | 2 3 4 |  4.4
Throwing       | |  2.0
Dodging        | |  1.7
Spellcasting   | |  1.2
Hexes          | |  2.6

Action                   |  1- 3 |  4- 6 || total
-------------------------+-------+-------++-------
Melee: Spear             |   159 |    55 ||   214
       Unarmed           |     6 |       ||     6
 Fire: Hunting sling     |     1 |    55 ||    56
Throw: Stone             |     2 |       ||     2
 Cast: Corona            |     7 |    11 ||    18
 Stab: Sleeping          |     1 |     1 ||     2
  Eat: Chunk             |     3 |     3 ||     6
       Ration            |       |     1 ||     1
Armor: Robe              |    40 |    14 ||    54
Dodge: Dodged            |    73 |    26 ||    99
